 Dungeon Crawl Stone Soup version 0.19.1 (webtiles) character file.

14 Menchi the Charmwright (level 2, 0/22 HPs)
             Began as a Formicid Skald on Dec 17, 2016.
             Slain by a jackal (2 damage)
             ... on level 1 of the Dungeon.
             The game lasted 00:01:36 (784 turns).

Menchi the Charmwright (Formicid Skald)              Turns: 784, Time: 00:01:37

Health: 0/22       AC:  3    Str: 16    XL:     2   Next: 55%
Magic:  5/5        EV: 11    Int: 11    God:
Gold:   38         SH:  0    Dex: 10    Spells: 1 memorised, 4 levels left

rFire  . . .     SeeInvis +     a - +0 falchion
rCold  . . .     Gourm    .     b - +0 leather armour
rNeg   . . .     Faith    .     (no shield)
rPois  .         Spirit   .     (helmet unavailable)
rElec  .         Reflect  .     (no cloak)
rCorr  .         Harm     .     (no gloves)
MR     .....                    (no boots)
Stlth  +.........               (no amulet)
                                (no ring)
                                (no ring)

@: no status effects
A: permanent stasis, dig shafts and tunnels, four strong arms, antennae 3
a: Dig, Shaft Self


You were on level 1 of the Dungeon.
You were not hungry.

You visited 1 branch of the dungeon, and saw 2 of its levels.

You collected 38 gold pieces.

Inventory:

Hand Weapons
 a - a +0 falchion (weapon)
Armour
 b - a +0 leather armour (worn)
Scrolls
 j - a scroll of fog {unknown}
 k - a scroll of amnesia {unknown}
Potions
 e - a potion of magic {unknown}
 h - 2 potions of agility {unknown}
 i - a potion of invisibility {unknown}
Books
 c - a book of Battle

   Spells                             Type                      Level
   a - Infusion                       Charms                       1
   b - Shroud of Golubria             Charms/Translocation         2
   c - Song of Slaying                Charms                       2
   d - Spectral Weapon                Hexes/Charms                 3
   e - Regeneration                   Charms/Necromancy            3
Comestibles
 d - a bread ration
 f - a meat ration
 g - 5 chunks of flesh


   Skills:
 + Level 2.2 Fighting
 * Level 2.4 Long Blades
 * Level 1.2 Armour
 + Level 1.0 Dodging
 + Level 2.3 Spellcasting
 + Level 3.1 Charms


You had 4 spell levels left.
You knew the following spells:

 Your Spells              Type           Power        Failure   Level  Hunger
a - Infusion              Chrm           #...         12%         1    ##.....


Dungeon Overview and Level Annotations

Branches:
Dungeon (2/15)

Altars:


Innate Abilities, Weirdness & Mutations

You are under a permanent stasis effect.
You can dig through walls and to a lower floor.
Your four strong arms can wield two-handed weapons with a shield.
You have a pair of large antennae on your head. (SInv)


Message History

You closely miss the jackal.
The jackal is severely wounded.
The jackal barely misses you.
You riposte.
You closely miss the jackal. The kobold closely misses you.
The jackal bites you but does no damage.
The jackal bites you.
* * * LOW HITPOINT WARNING * * *
The jackal barely misses you. The kobold closely misses you.
You barely miss the jackal.
The jackal is severely wounded.
The jackal bites you but does no damage. x4
The kobold misses you.
The jackal bites you but does no damage.
The jackal bites you.
* * * LOW HITPOINT WARNING * * *
You closely miss the jackal.
The jackal is severely wounded.
The jackal bites you but does no damage.
The jackal bites you.
You die...

######.#....##########.#####
####......#....##.............#
#....##.#.#....##.#.#####.#####
#.##.##.#.#....##...# #.######
#....##.............# #.......
#....##.###....##.#.#####.######
#.......# #.....................
##.#####.###.#+#K#.#.#####.###.#.
...............h@h......##.# #.#.
##.####.##.....h##.#....##.###.#.
#.# #'#######'####.#.........#.
#.# ##.........## ###..#......#.
#.###...#####...## #.......#.#.
#####.#.#.###.#.#.## ##........#.
# ##.##.##.#.##.##.## #.#...##.#.
###.###.###.###.###.###.#........
##.####.##.#.##.####.##.#....####


You could see 3 jackals and a kobold.

Vanquished Creatures
  A bat (D:1)
  A giant cockroach (D:1)
  4 goblins (D:1)
  A hobgoblin (D:1)
  3 jackals (D:1)
  A rat (D:1)
11 creatures vanquished.

Notes
Turn   | Place    | Note
-------+----------+-------------------------------------------
     0 | D:1      | Menchi the Formicid Skald began the quest for the Orb.
     0 | D:1      | Reached XP level 1. HP: 16/16 MP: 3/3
   469 | D:1      | Reached skill level 1 in Dodging
   469 | D:1      | Reached XP level 2. HP: 22/22 MP: 5/5
   784 | D:1      | Slain by a jackal

Skill      XL: |  1 |
---------------+----+-----
Dodging        | 1 |  1.0
Fighting       | |  2.2
Long Blades    | |  2.4
Armour         | |  1.2
Spellcasting   | |  2.3
Charms         | |  3.1

Action                   || total
-------------------------++-------
Melee: Falchion          ||    43
Armor: Leather armour    ||    24
Dodge: Dodged            ||    48
       Rpst.: Falchion   ||    12
